 Dungeon Crawl Stone Soup version 0.28.0-1-gb440e238dd (webtiles) character file.

Game seed: 8822258240508658135

189 PBDoughboyy the Digger (level 5, -9/34 (37) HPs)
             Began as a Gnoll Earth Elementalist on Feb 19, 2022.
             Mangled by a wight (13 damage)
             ... on level 4 of the Dungeon.
             The game lasted 00:17:03 (3709 turns).

PBDoughboyy the Digger (Gnoll Earth Elementalist)   Turns: 3709, Time: 00:17:03

HP:   -9/34 (37)    AC:  9    Str:  7    XL:     5   Next: 68%
MP:   8/12          EV: 13    Int: 16    God:
Gold: 40            SH:  0    Dex: 13    Spells: 6/14 levels left

rFire   . . .      SeeInvis .   m - +0 dagger (venom)
rCold   . . .      Faith    .   (no shield)
rNeg    . . .      Spirit   .   b - +0 robe
rPois   .          Reflect  .   (no helmet)
rElec   .          Harm     .   u - +0 cloak
rCorr   .          Rampage  .   g - +0 pair of gloves
Will    .....                   w - +0 pair of boots
Stlth   +++.......              (no amulet)
HPRegen 0.11/turn               a - ring of wizardry
MPRegen 0.13/turn               s - +4 ring of protection

@: drained
A: fangs 1, strong nose, distributed training
a: no special abilities


You were on level 4 of the Dungeon.
You visited 1 branch of the dungeon, and saw 4 of its levels.

You collected 85 gold pieces.
You spent 45 gold pieces at shops.

Inventory:

Hand Weapons
 m - a +0 dagger of venom (weapon)
Missiles
 c - 75 stones
Armour
 b - a +0 robe (worn)
 g - a +0 pair of gloves (worn)
 i - a scarf of shadows
 u - a +0 cloak (worn)
 w - a +0 pair of boots (worn)
Jewellery
 a - a ring of wizardry (left hand)
 s - a +4 ring of protection (right hand)
Scrolls
 f - a scroll of magic mapping
 h - a scroll of noise
 k - a scroll of fear
 n - 2 scrolls of silence {unknown}
 p - a scroll of enchant armour {unknown}
 v - a scroll of fog {unknown}
Potions
 e - a potion of magic {unknown}
 l - 2 potions of heal wounds {unknown}
 o - 2 potions of flight {unknown}
 q - a potion of resistance {unknown}
 r - a potion of might {unknown}
 t - a potion of curing {unknown}


   Skills:
 + Level 1.6 Fighting
 + Level 1.6 Short Blades
 + Level 1.6 Long Blades
 + Level 1.6 Axes
 + Level 1.6 Maces & Flails
 + Level 1.6 Polearms
 + Level 1.6 Staves
 + Level 1.6 Slings
 + Level 1.6 Bows
 + Level 1.6 Crossbows
 + Level 1.6 Throwing
 + Level 1.6 Armour
 + Level 4.8 Dodging
 + Level 4.4 Stealth
 + Level 1.6 Shields
 + Level 1.6 Unarmed Combat
 + Level 5.2 Spellcasting
 + Level 1.2 Conjurations
 + Level 1.2 Hexes
 + Level 1.2 Summonings
 + Level 1.2 Necromancy
 + Level 1.2 Translocations
 + Level 2.4 Transmutations
 + Level 1.2 Fire Magic
 + Level 1.2 Ice Magic
 + Level 1.2 Air Magic
 + Level 5.5 Earth Magic
 + Level 1.2 Poison Magic
 + Level 1.8 Invocations
 + Level 1.6 Evocations


You had 6 spell levels left.
You knew the following spells:

 Your Spells              Type           Power      Damage    Failure   Level
a - Sandblast             Erth           44%        2d11      1%          1
b - Stone Arrow           Conj/Erth      30%        3d8       4%          3
c - Petrify               Tmut/Erth      17%        N/A       12%         4

Your spell library contained the following spells:

 Spells                   Type           Power      Damage    Failure   Level
 Passwall                 Tmut/Erth      14%        N/A       1%          2
 Apportation              Tloc           16%        N/A       3%          1
 Magic Dart               Conj           32%        1d4       3%          1
 Searing Ray              Conj           16%        2d5       5%          2
 Dazzling Flash           Conj/Hex       16%        N/A       11%         3
 Fulminant Prism          Conj/Hex       4%         3d6       32%         4
 Alistair's Intoxication  Tmut/Pois      6%         N/A       56%         5
 Agony                    Necr           8%         N/A       65%         5
 Silence                  Hex/Air        4%         N/A       65%         5


Dungeon Overview and Level Annotations

Branches:
Dungeon (4/15)
 Temple: D:4-7

Altars:
Kikubaaqudgha

Shops:
D:4 [[


Innate Abilities, Weirdness & Mutations

You have very sharp teeth.
Your uncanny sense of smell can sniff out nearby items.
Your experience applies equally to all skills.


Message History

The wight is moderately damaged.
Unknown command.
Casting: Stone Arrow (dangerous; 4% risk of failure)
Confirm with . or Enter, or press ? or * to list all spells.
Aiming: Sandblast (safe; 1% risk of failure)
Press: ? - help, Shift-Dir - straight line, f/p - wight
Aim: a wight, wielding a +0 great sword and wearing a +0 robe (moderately damaged, 81% to hit)
The blast of sand misses the wight.
Unknown command.
You closely miss the wight. You bite the wight, but do no damage.
The wight is moderately damaged.
The wight hits you with a +0 great sword!!
Casting: Sandblast (safe; 1% risk of failure)
Confirm with . or Enter, or press ? or * to list all spells.
Aiming: Sandblast (safe; 1% risk of failure)
Press: ? - help, Shift-Dir - straight line, f/p - wight
Aim: a wight, wielding a +0 great sword and wearing a +0 robe (moderately damaged, 81% to hit)
The blast of sand hits the wight but does no damage.
The wight is moderately damaged.
The wight hits you with a +0 great sword!
* * * LOW HITPOINT WARNING * * *
You feel drained.
* * * LOW HITPOINT WARNING * * *
As you read the scroll labelled DIACIKH WOULE, it crumbles to dust.
You feel aware of your surroundings.
You sensed 1 shop/portal.
It was a scroll of magic mapping.
The wight hits you with a +0 great sword.
* * * LOW HITPOINT WARNING * * *
You feel drained.
* * * LOW HITPOINT WARNING * * *
As you read the scroll labelled VUADON IFRONN, it crumbles to dust.
You hear a loud clanging noise!
It was a scroll of noise.
You hear a bark! x2; You hear an angry hiss.
You hear an angry growl.
The wight closely misses you.
Unknown command.
As you read the scroll labelled KOABIO MAYT, it crumbles to dust.
You assume a fearsome visage.
The wight is unaffected.
It was a scroll of fear.
The wight hits you with a +0 great sword!
You die...

*,* *,,**,*,**,****,,** *,*
*,,,,,,..,.##,,,,*, *,*
*,,,,,,.#....,,,,**
###,********,#.#z...,,,,**
#....,,,,,,,,zz.....,,,,,*
#...####*****.z.....,,,,,*
#......# *.......,,,,,,
#......######.......,,,,,,
#.#......@z.........,,,,,,
#.#.....#####...#.##,,,,,*
#8#.....#####...#,,,,*****
####<#"..............,,,*****
#.8.∩.8.##......#......,,,,,,
*#.##.##.##.##...#.##...,,,,,,
#.,*#8......##...#.#*.##.##***
#,,,+............#..,,....#*,,
****#.......##.#.#,**,*#...,.§


You could see a wight.

Vanquished Creatures
  Crazy Yiuf (D:3)
  6 adders
  A worm (D:2)
  2 dart slugs
  9 orcs
  9 ball pythons
  6 bats
  8 endoplasms
  6 goblins
  11 hobgoblins
  3 jackals (D:2)
  7 kobolds
  5 quokkas
  4 frilled lizards
  7 rats
85 creatures vanquished.

Vanquished Creatures (others)
  A plant (D:2)
1 creature vanquished.

Grand Total: 86 creatures vanquished

Notes
Turn   | Place    | Note
-------+----------+-------------------------------------------
     0 | D:1      | PBDoughboyy the Gnoll Earth Elementalist began the quest
                  | for the Orb.
     0 | D:1      | Reached XP level 1. HP: 13/13 MP: 6/6
   132 | D:1      | Noticed a shining eye
   136 | D:1      | Reached XP level 2. HP: 18/19 MP: 4/7
   165 | D:1      | Found a faded altar of an unknown god.
   166 | D:1      | Noticed a shining eye
   167 | D:1      | Noticed a floating eye
   167 | D:1      | Noticed an eye of devastation
   864 | D:1      | Reached skill level 5 in Spellcasting
   864 | D:1      | Reached XP level 3. HP: 25/25 MP: 7/9
  1005 | D:2      | Reached skill level 1 in Invocations
  1018 | D:2      | Learned a level 3 spell: Stone Arrow
  1240 | D:2      | Reached skill level 1 in Fighting
  1240 | D:2      | Reached skill level 1 in Short Blades
  1240 | D:2      | Reached skill level 1 in Long Blades
  1240 | D:2      | Reached skill level 1 in Axes
  1240 | D:2      | Reached skill level 1 in Maces & Flails
  1240 | D:2      | Reached skill level 1 in Polearms
  1240 | D:2      | Reached skill level 1 in Staves
  1240 | D:2      | Reached skill level 1 in Slings
  1240 | D:2      | Reached skill level 1 in Bows
  1240 | D:2      | Reached skill level 1 in Crossbows
  1240 | D:2      | Reached skill level 1 in Throwing
  1240 | D:2      | Reached skill level 1 in Armour
  1240 | D:2      | Reached skill level 1 in Shields
  1240 | D:2      | Reached skill level 1 in Unarmed Combat
  1240 | D:2      | Reached skill level 1 in Evocations
  1410 | D:2      | Reached XP level 4. HP: 32/32 MP: 9/11
  1944 | D:3      | Learned a level 4 spell: Petrify
  1950 | D:3      | Reached skill level 1 in Conjurations
  1950 | D:3      | Reached skill level 1 in Hexes
  1950 | D:3      | Reached skill level 1 in Summonings
  1950 | D:3      | Reached skill level 1 in Necromancy
  1950 | D:3      | Reached skill level 1 in Translocations
  1950 | D:3      | Reached skill level 1 in Fire Magic
  1950 | D:3      | Reached skill level 1 in Ice Magic
  1950 | D:3      | Reached skill level 1 in Air Magic
  1950 | D:3      | Reached skill level 1 in Poison Magic
  2374 | D:3      | Reached XP level 5. HP: 37/37 MP: 3/12
  2745 | D:3      | Identified the +0 robe of the Cooper {rF- rC+ Str+10 Dex-4}
  3092 | D:3      | Found a runed translucent door.
  3093 | D:3      | Noticed Crazy Yiuf
  3106 | D:3      | Killed Crazy Yiuf
  3450 | D:4      | Found Pizamp's Antique Armour Boutique.
  3456 | D:4      | Found an ancient bone altar of Kikubaaqudgha.
  3671 | D:4      | Found Seceelo's Armour Shoppe.
  3676 | D:4      | Bought a +0 pair of boots for 45 gold pieces
  3709 | D:4      | Mangled by a wight

Illustrated notes

Levels and vault maps discovered:
D:1:      scummos_arrival_simple_crosswalls, layout_rooms,
          hellmonk_ecumenical_altar_watching_god, dk_noncrumbling_2
D:2:      layout_basic, corexii_shack
D:3:      minmay_chambers_of_threes, layout_basic, minmay_misc_feat_tower,
          uniq_crazy_yiuf_cottage
D:4:      layout_basic, mainiacjoe_overflow_concentric_impassable, serial_shops,
          kennysheep_mini_moat, nicolae_shop_waterfront,
          nicolae_shop_statue_plus

Skill      XL: |  1  2  3  4 |
---------------+-------------+-----
Transmutations | 2 |  2.4
Spellcasting   | 5 |  5.2
Invocations    | 1 |  1.8
Fighting       | 1 |  1.6
Short Blades   | 1 |  1.6
Long Blades    | 1 |  1.6
Axes           | 1 |  1.6
Maces & Flails | 1 |  1.6
Polearms       | 1 |  1.6
Staves         | 1 |  1.6
Slings         | 1 |  1.6
Bows           | 1 |  1.6
Crossbows      | 1 |  1.6
Throwing       | 1 |  1.6
Armour         | 1 |  1.6
Shields        | 1 |  1.6
Unarmed Combat | 1 |  1.6
Evocations     | 1 |  1.6
Conjurations   | 1 |  1.2
Hexes          | 1 |  1.2
Summonings     | 1 |  1.2
Necromancy     | 1 |  1.2
Translocations | 1 |  1.2
Fire Magic     | 1 |  1.2
Ice Magic      | 1 |  1.2
Air Magic      | 1 |  1.2
Poison Magic   | 1 |  1.2
Dodging        | |  4.8
Stealth        | |  4.4
Earth Magic    | |  5.5

Action                   |  1- 3 |  4- 6 || total
-------------------------+-------+-------++-------
Melee: Dagger            |    81 |   112 ||   193
       Unarmed           |     3 |       ||     3
       Bite              |     8 |     9 ||    17
       Punch             |     1 |       ||     1
 Cast: Sandblast         |    19 |    12 ||    31
       Stone Arrow       |       |     8 ||     8
       Petrify           |       |     1 ||     1
  Use: Scroll            |       |     3 ||     3
 Stab: Sleeping          |     4 |     8 ||    12
       Petrified         |       |     3 ||     3
Armor: Robe              |    12 |    21 ||    33
Dodge: Dodged            |    44 |    56 ||   100
